 Dungeon Crawl Stone Soup version 0.27-a0-103-g6cd7b45605 (webtiles) character file.

Game seed: 10979856107308962918

1623 timneilson the Covered (level 8, -4/50 HPs)
             Began as a Gargoyle Fighter on Jan 23, 2021.
             Was a Follower of Okawaru.
             Slain by an orc warrior
             ... wielding a +0 broad axe
              (8 damage)
             ... on level 6 of the Dungeon.
             The game lasted 00:09:56 (6609 turns).

timneilson the Covered (Gargoyle Fighter)           Turns: 6609, Time: 00:09:57

Health: -4/50      AC: 27    Str: 22    XL:     8   Next: 97%
Magic:  9/9        EV:  6    Int:  9    God:    Okawaru [*.....]
Gold:   445        SH: 10    Dex:  9    Spells: 7/7 levels left

rFire    . . .     SeeInvis +   a - +0 long sword
rCold    . . .     Faith    .   c - +0 kite shield
rNeg     + . .     Spirit   .   e - +3 chain mail
rPois    ∞         Reflect  .   n - +0 helmet
rElec    +         Harm     .   f - +0 cloak
rCorr    .         Rampage  .   (no gloves)
Will     .....                  v - +0 pair of boots
Stlth    ..........             (no amulet)
HPRegen  0.16/turn              i - +4 ring of protection
MPRegen  0.11/turn              k - ring of see invisible

@: no status effects
A: negative energy resistance 1, electricity resistance, unbreathing,
petrification resistance, miasma immunity, AC +5
a: Renounce Religion, Heroism


You were on level 6 of the Dungeon.
You worshipped Okawaru.
Okawaru was aware of your devotion.
You visited 2 branches of the dungeon, and saw 8 of its levels.
You also visited: Ossuary.

You collected 445 gold pieces.

Inventory:

Hand Weapons
 a - a +0 long sword (weapon)
Armour
 c - a +0 kite shield (worn)
 e - a +3 chain mail (worn)
 f - a +0 cloak (worn)
 n - a +0 helmet (worn)
 v - a +0 pair of boots (worn)
Jewellery
 i - a +4 ring of protection (left hand)
 k - a ring of see invisible (right hand)
Wands
 j - a wand of polymorph (5)
 o - a wand of disintegration (8)
 r - a wand of iceblast (6)
 t - a wand of flame (19)
Scrolls
 g - 5 scrolls of enchant armour
 h - a scroll of remove curse
 p - 3 scrolls of teleportation
Potions
 b - 2 potions of invisibility
 d - 2 potions of attraction
 m - a potion of ambrosia {unknown}
 q - 3 potions of haste
 s - a potion of flight {unknown}
 w - a potion of mutation {unknown}


   Skills:
 + Level 5.4 Fighting
 * Level 5.3 Long Blades
 * Level 6.9 Armour
 * Level 6.9 Shields
 + Level 2.2 Invocations
 + Level 1.7 Evocations


You had 7 spell levels left.
You didn't know any spells.
Your spell library contained the following spells:

 Spells                   Type           Power        Failure   Level
 Animate Skeleton         Necr           0%           100%        1
 Apportation              Tloc           0%           100%        1
 Corona                   Hex            0%           100%        1
 Summon Small Mammal      Summ           0%           100%        1


Dungeon Overview and Level Annotations

Branches:
Dungeon (7/15)             Temple (1/1) D:4         Ossuary (visited)

Altars:
Ashenzari
Cheibriados
Dithmenos
Elyvilon
Fedhas
Gozag
Hepliaklqana
Kikubaaqudgha
Makhleb
Nemelex Xobeh
Okawaru
Qazlal
Ru
Sif Muna
Trog
Uskayaw
Vehumet
Wu Jian
Xom
Yredelemnul
Zin
The Shining One

Shops:
D:6 (

Annotations:
D:5 2 transporters, hatsuma's ghost, novice DrCj


Innate Abilities, Weirdness & Mutations

You are resistant to torment.
Your stone body is resilient. (AC +5)
You are immune to poison.
You resist negative energy. (rN+)
You are resistant to electric shocks. (rElec)
You can survive without breathing.
You are immune to petrification.
You are immune to miasma.


Message History

The orc warrior hits you but does no damage.
You feel better. The orc warrior barely misses you.
You riposte.
You slash the orc warrior!
The orc warrior is heavily wounded.
Your chain mail prevents you from hitting the orc warrior.
The orc warrior is heavily wounded.
You hit the orc warrior but do no damage.
The orc warrior is heavily wounded.
The orc warrior completely misses you.
You barely miss the orc warrior.
The orc warrior is heavily wounded.
You block the orc warrior's attack.
You closely miss the orc warrior.
The orc warrior is heavily wounded.
The orc warrior hits you with a +0 broad axe!
* * * LOW HITPOINT WARNING * * *
You barely miss the orc warrior.
The orc warrior is heavily wounded.
The orc warrior hits you with a +0 broad axe!
You die...

............#######.#...#########
.....#####.## #.#####
.....#####.# ####.# ...........#
#....# #.##.####..# #.#### ####)#
#..# #.# ####)####<.# #.#
.....).....#####)#
.###.####......o@# .# #.#
########## ####.# .....# ######


You could see an orc warrior.

Vanquished Creatures
  Menkaure (D:7)
  Edmund (D:6)
  An ice beast (D:5)
  2 ogres
  An elf zombie (Ossuary)
  2 bullfrogs (D:6)
  2 scorpions (D:5)
  A howler monkey (D:7)
  2 hounds
  2 human zombies (Ossuary)
  3 orc priests
  An iguana (D:4)
  6 orc wizards
  2 worker ants (D:6)
  A hound zombie (Ossuary)
  4 mummies
  3 gnolls (D:4)
  9 adders
  A shadow imp (D:5)
  An ufetubus (D:6)
  An ooze (D:2)
  2 adder zombies (Ossuary)
  3 worms
  3 dart slugs
  3 leopard geckos
  13 orcs
  3 ball pythons
  2 giant cockroaches
  3 gnoll zombies (Ossuary)
  11 goblins
  9 hobgoblins
  11 jackals
  8 quokkas
  10 bats
  8 frilled lizards
  4 goblin zombies (Ossuary)
  2 hobgoblin zombies (Ossuary)
  5 jackal zombies (Ossuary)
  13 kobolds
  3 kobold zombies (Ossuary)
  3 orc zombies (Ossuary)
  3 quokka zombies (Ossuary)
  9 rats
  6 rat zombies (Ossuary)
184 creatures vanquished.

Notes
Turn   | Place    | Note
-------+----------+-------------------------------------------
     0 | D:1      | timneilson the Gargoyle Fighter began the quest for the
                  | Orb.
     0 | D:1      | Reached XP level 1. HP: 14/14 MP: 1/1
    59 | D:1      | Reached XP level 2. HP: 17/19 MP: 2/2
   453 | D:1      | Reached XP level 3. HP: 20/23 MP: 3/3
  1269 | D:2      | Reached XP level 4. HP: 25/29 MP: 4/4
  2596 | D:3      | Noticed an ogre
  2602 | D:3      | Killed an ogre
  2603 | D:3      | Reached XP level 5. HP: 25/33 MP: 5/5
  2617 | D:3      | Reached XP level 6. HP: 31/38 MP: 6/6
  3198 | D:4      | Reached skill level 5 in Armour
  3198 | D:4      | Reached skill level 5 in Shields
  3261 | D:4      | Found a sand-covered staircase.
  3271 | D:4      | Reached XP level 7. HP: 24/44 MP: 7/7
  3275 | Ossuary  | Entered an ossuary
  4491 | D:4      | Found a staircase to the Ecumenical Temple.
  4496 | Temple   | Entered the Ecumenical Temple
  4596 | Temple   | Became a worshipper of Warmaster Okawaru
  4716 | D:5      | Entered Level 5 of the Dungeon
  4744 | D:5      | Reached XP level 8. HP: 43/48 MP: 8/8
  5006 | D:5      | Reached skill level 5 in Fighting
  5164 | D:5      | Found a shimmering blue altar of Sif Muna.
  5164 | D:5      | Found a shimmering altar of Xom.
  5298 | D:5      | Found a transporter.
  5301 | D:5      | Noticed hatsuma's ghost (novice DrCj)
  5324 | D:5      | Found a transporter.
  5601 | D:6      | Noticed Edmund
  5619 | D:6      | Killed Edmund
  5620 | D:6      | Reached skill level 1 in Invocations
  5723 | D:6      | Reached skill level 1 in Evocations
  5730 | D:6      | Reached * piety under Okawaru
  5876 | D:6      | Reached skill level 5 in Long Blades
  6096 | D:6      | Found Zasyoh's Weapon Shop.
  6546 | D:7      | Noticed Menkaure
  6554 | D:7      | Killed Menkaure
  6600 | D:6      | HP: 2/50 [orc warrior/+0 broad axe (13)]
  6609 | D:6      | Slain by an orc warrior

Illustrated notes

Levels and vault maps discovered:
D:1:      amcnicky_arrival_double_pillar, layout_loops_ring
D:2:      layout_basic, minivault_23
D:3:      minmay_recursive_quarters, layout_loops_cross
D:4:      layout_cave_pools, temple_doors_ab, gup_ossuary_entry_pyramid,
          hangedman_decor_push
D:5:      layout_basic, gammafunk_temple_overflow_statue, gammafunk_ghost_arena
D:6:      layout_loops_ring, serial_shops, nicolae_shop_waterfront, uniq_edmund
D:7:      minmay_the_grid_triangle_9x9_recursive_2
          [minmay_the_grid_triangle_9x9_prize_schism,
          minmay_the_grid_triangle_9x9_odd_lines,
          minmay_the_grid_triangle_9x9_stretched_checkered,
          minmay_the_grid_triangle_9x9_negative_grid], layout_cave_pools,
          serial_shops, nicolae_shop_waterfront, uniq_menkaure
Temple:   regret_index_temple_chain_breaker

Skill      XL: |  1  2  3  4  5  6  7  8 |
---------------+-------------------------+-----
Long Blades    | 2 3 4 5 |  5.3
Armour         | 4 5 6 |  6.9
Shields        | 4 5 6 |  6.9
Fighting       | 4 5 |  5.4
Invocations    | 2 |  2.2
Evocations     | 1 |  1.7

Action                   |  1- 3 |  4- 6 |  7- 9 || total
-------------------------+-------+-------+-------++-------
Melee: Long sword        |   141 |   212 |   397 ||   750
Invok: Heroism           |       |       |     2 ||     2
  Use: Scroll            |     4 |     3 |     7 ||    14
       Potion            |       |     3 |     8 ||    11
Armor: Scale mail        |    91 |    60 |       ||   151
       Chain mail        |       |   149 |   336 ||   485
Dodge: Dodged            |    55 |    77 |   110 ||   242
Block: Kite shield       |    99 |   152 |   254 ||   505
       Rpst.: Long sword |    21 |    24 |    37 ||    82

Table legend: (Time is in decaauts)
 A = Elapsed time spent in this place.
 B = Non-inter-level travel time spent in this place.
 C = Inter-level travel time spent in this place.
 D = Time resting spent in this place.
 E = Time spent auto-exploring this place.
 F = Levels seen in this place.
 G = Mean time per level.
                   A        B        C        D        E       F      G
               +--------+--------+--------+--------+--------+-----+--------+
         Total |   6834 |   6513 |    321 |    138 |   4745 |   9 |  759.3 |
       Dungeon |   5913 |   5607 |    306 |      0 |   4243 |   7 |  844.7 |
        Temple |    149 |    134 |     15 |      0 |    126 |   1 |  149.0 |
       Ossuary |    770 |    770 |      0 |    138 |    376 |   1 |  770.0 |
               +--------+--------+--------+--------+--------+-----+--------+

Top non-repeatable levels by time:
     D:2: 1258 daAuts
     D:1: 1076 daAuts
     D:6: 975 daAuts
     D:5: 886 daAuts
     D:4: 844 daAuts
     D:3: 824 daAuts
 Ossuary: 770 daAuts
  Temple: 149 daAuts
     D:7: 47 daAuts
